 Dungeon Crawl Stone Soup version 0.26.1-11-gd32895ea62 (webtiles) character file.

Game seed: 7145684177699925716

1810 Jerry the Shooter (level 8, -2/70 HPs)
             Began as a Palentonga Hunter on June 10, 2021.
             Was an Initiate of Gozag.
             Slain by a killer bee (3 damage)
             ... on level 7 of the Dungeon.
             The game lasted 00:26:15 (6809 turns).

Jerry the Shooter (Palentonga Hunter)               Turns: 6809, Time: 00:26:17

Health: -2/70      AC: 19    Str: 15    XL:     8   Next: 84%
Magic:  8/8        EV:  9    Int: 12    God:    Gozag
Gold:   289        SH:  0    Dex: 13    Spells: 7/7 levels left

rFire    . . .     SeeInvis +   F - +6 dagger (flame)
rCold    . . .     Faith    .   (no shield)
rNeg     . . .     Spirit   .   D - +0 troll leather armour {Purgy}
rPois    .         Reflect  .   u - +1 helmet
rElec    .         Harm     .   (no cloak)
rCorr    .         Rampage  .   (no gloves)
Will     .....                  (no barding)
Stlth    +++.......             (no amulet)
HPRegen  0.61/turn              v - +4 ring of protection
MPRegen  0.11/turn              m - ring of stealth

@: lethally poisoned (-2 -> -19), gold aura, curled up
A: large, rugged brown scales 3, see invisible, deformed body, roll 1, armoured
tail, reflexive curl
a: Rolling Charge, Renounce Religion, Potion Petition, Call Merchant, Bribe
Branch


You were on level 7 of the Dungeon.
You worshipped Gozag.
Gozag was aware of your devotion.
You visited 2 branches of the dungeon, and saw 8 of its levels.
You also visited: Sewer.

You collected 448 gold pieces.
You paid 159 gold pieces to Gozag.

Inventory:

Hand Weapons
 a - a +1 shortbow
 F - a +6 dagger of flaming (weapon)
Missiles
 d - 52 arrows
Armour
 u - a +1 helmet (worn)
 D - a +0 troll leather armour (worn) {Purgy}
Jewellery
 k - an uncursed ring of protection from fire
 m - a ring of stealth (right hand)
 v - a +4 ring of protection (left hand)
 H - an uncursed ring of resist corrosion {unknown}
Wands
 w - a wand of iceblast (9)
 E - a wand of digging (12)
 I - a wand of random effects (50)
 J - a wand of acid (9)
Scrolls
 b - a scroll of enchant armour {unknown}
 e - 7 scrolls of remove curse
 g - 2 scrolls of noise
 h - 5 scrolls of identify
 j - a scroll of fog
 n - 3 scrolls of magic mapping {unknown}
 o - 5 scrolls of teleportation
 q - 2 scrolls of immolation
 y - a scroll of amnesia
 G - 4 scrolls of fear
 K - a scroll of acquirement {unknown}
Potions
 c - 2 potions of magic {unknown}
 f - a potion of cancellation {unknown}
 i - 4 potions of flight {unknown}
 l - 2 potions of curing {unknown}
 p - 5 potions of haste {unknown}
 r - 2 potions of attraction {unknown}
 s - a potion of ambrosia {unknown}
 t - 3 potions of brilliance {unknown}
 x - a potion of invisibility {unknown}
 z - 2 potions of mutation {unknown}
 A - a potion of lignification {unknown}
 B - a potion of heal wounds {unknown}
 C - a potion of resistance {unknown}


   Skills:
 - Level 4.1 Fighting
 - Level 1.6 Short Blades
 + Level 6.1 Bows
 + Level 4.9 Armour
 - Level 1.5 Dodging
 + Level 4.5 Stealth


You had 7 spell levels left.
You didn't know any spells.
Your spell library contained the following spells:

 Spells                   Type           Power        Failure   Level
 Sandblast                Erth           0%           36%         1
 Passwall                 Tmut/Erth      0%           52%         2
 Stone Arrow              Conj/Erth      0%           75%         3
 Petrify                  Tmut/Erth      0%           98%         4
 Lee's Rapid Deconstruct  Erth           0%           100%        5


Dungeon Overview and Level Annotations

Branches:
Dungeon (7/15)             Temple (1/1) D:7           Sewer (visited)

Altars:
Ashenzari
Cheibriados
Dithmenos
Elyvilon
Fedhas
Gozag
Hepliaklqana
Kikubaaqudgha
Makhleb
Nemelex Xobeh
Okawaru
Qazlal
Ru
Sif Muna
Trog
Uskayaw
Vehumet
Xom
Yredelemnul
Zin
The Shining One

Shops:
D:5 [

Annotations:
D:5 3 runed translucent doors, manix's ghost, weakling KoDe


Innate Abilities, Weirdness & Mutations

You are completely covered in rugged brown scales. (AC +3, +7% HP)
You have supernaturally acute eyesight. (SInv)
Armour fits poorly on your strangely shaped body.
You can roll at nearby foes to attack.
You have a long armoured tail.
You curl defensively after being hit.


Message History

You are too injured to fight recklessly!
You miss the killer bee.
Your tail-slap misses the killer bee.
You feel sick. The killer bee stings you.
* * * LOW HITPOINT WARNING * * *
The killer bee stings you.
* * * LOW HITPOINT WARNING * * *
You are more poisoned.
The killer bee poisons you! The killer bee stings you!
* * * LOW HITPOINT WARNING * * *
You are more poisoned.
The killer bee poisons you! The killer bee barely misses you.
You miss the killer bee.
* * * LOW HITPOINT WARNING * * *
You feel sick.
The killer bee stings you but does no damage.
The killer bee barely misses you. The killer bee stings you.
* * * LOW HITPOINT WARNING * * *
The killer bee stings you.
You die...
Your body crumbles into a pile of gold.

...#≈≈≈≈≈≈≈..........
(..(##..≈§≈≈≈....##.#...
....(....≈§≈........##..
..........#...#......#..
.....................<..
.?..................#...
.......###.........#....
......$y###.............
......y@..#.............
...##.#........<........
#.....#.#...........
........#####..........
.........# #..........
.##....... ........#....
....##.........≈≈.##...
..... .........≈≈≈......
...............≈≈≈......


You could see 2 killer bees.

Vanquished Creatures
  An ice beast (D:7)
  Purgy (Sewer)
  A phantom (D:6)
  2 black bears
  A bullfrog (D:6)
  2 scorpions (D:6)
  3 killer bees (D:7)
  A vampire bat (D:4)
  2 howler monkeys (D:6)
  5 jellies
  A hound (D:4)
  3 orc wizards (D:6)
  3 orc priests (D:6)
  A bullfrog skeleton (D:6)
  Ijyb (D:5)
  3 iguanas
  3 worker ants
  11 gnolls
  11 adders
  A shadow imp (D:5)
  9 bats (D:4)
  3 oozes
  6 worms
  3 fire bats (D:4)
  10 leopard geckos
  4 orcs (D:6)
  2 spectral bats (D:4)
  3 bat skeletons (D:4)
  A bat zombie (D:4)
  9 giant cockroaches
  9 goblins
  9 hobgoblins
  2 quokkas (D:2)
  2 ball pythons
  A bat simulacrum (D:4)
  10 frilled lizards
  A jackal skeleton (D:7)
  9 kobolds
  A leopard gecko zombie (D:6)
  2 quokka skeletons
  8 rats
161 creatures vanquished.

Notes
Turn   | Place    | Note
-------+----------+-------------------------------------------
     0 | D:1      | Jerry the Palentonga Hunter began the quest for the Orb.
     0 | D:1      | Reached XP level 1. HP: 18/18 MP: 1/1
   222 | D:1      | Reached XP level 2. HP: 25/25 MP: 2/2
   362 | D:1      | Reached skill level 1 in Stealth
   762 | D:2      | Reached XP level 3. HP: 32/32 MP: 3/3
   770 | D:2      | Reached skill level 1 in Armour
  1065 | D:2      | Found a sacrificial altar of Ru.
  1071 | D:2      | Reached XP level 4. HP: 39/39 MP: 4/4
  2480 | D:3      | Found a bloodstained altar of Trog.
  2575 | D:3      | Found a shimmering blue altar of Sif Muna.
  2681 | D:3      | Found an iron altar of Okawaru.
  2681 | D:3      | Found a broken altar of Ashenzari.
  2684 | D:3      | Found a hazy altar of Hepliaklqana.
  2688 | D:3      | Found a glowing golden altar of the Shining One.
  3126 | D:4      | Reached XP level 5. HP: 36/48 MP: 5/5
  3265 | D:4      | Reached skill level 4 in Bows
  3368 | D:4      | Reached XP level 6. HP: 54/54 MP: 6/6
  3497 | D:4      | Found a glowing silver altar of Zin.
  4272 | D:5      | Entered Level 5 of the Dungeon
  4274 | D:5      | Noticed Ijyb
  4284 | D:5      | Killed Ijyb
  4307 | D:5      | Gained mutation: You curl defensively after being hit.
                  | [Palentonga growth]
  4307 | D:5      | Reached XP level 7. HP: 54/63 MP: 7/7
  4378 | D:5      | Found Dawutupp's Armour Boutique.
  4516 | D:5      | Found a glowing drain.
  4557 | Sewer    | Entered a sewer
  4596 | Sewer    | Noticed Purgy
  4606 | Sewer    | Killed Purgy
  4607 | Sewer    | Reached skill level 1 in Short Blades
  4765 | D:5      | Found a runed translucent gate.
  4765 | D:5      | Found a runed translucent gate.
  4768 | D:5      | Found a runed translucent gate.
  4773 | D:5      | Noticed manix's ghost (weakling KoDe)
  5080 | D:5      | Found a bloodstained altar of Trog.
  5375 | D:6      | Found a shimmering altar of Xom.
  5426 | D:6      | Reached skill level 5 in Bows
  5536 | D:6      | Reached XP level 8. HP: 9/70 MP: 8/8
  6098 | D:6      | Found a shadowy altar of Dithmenos.
  6341 | D:7      | Reached skill level 6 in Bows
  6520 | D:7      | Found a staircase to the Ecumenical Temple.
  6530 | Temple   | Entered the Ecumenical Temple
  6665 | Temple   | Became a worshipper of Gozag Ym Sagoz the Greedy
  6809 | D:7      | HP: 1/70 [killer bee (6)]
  6809 | D:7      | Slain by a killer bee

Illustrated notes

Levels and vault maps discovered:
D:1:      saegor_arrival_simple_e, layout_loops_ring,
          chequers_serial_rivers_room_a
D:2:      layout_rooms, nicolae_ru_sacrificial_ziggurat
D:3:      layout_basic, lemuel_blue_sif_altar, minitemple, st_stairs_6
D:4:      layout_basic, zin_academy, goddamned_bats
D:5:      layout_loops_ring, serial_shops, shop, ebering_ghost_rock_garden,
          portal_sewer_entry_f, trog_hazing_becter, uniq_ijyb
D:6:      layout_gridville, nicolae_dithmenos_through_a_glass_darkly,
          dk_xom_monty_hall
D:7:      layout_cave_pools, minmay_temple_entry_mist, serial_column_ruins,
          column_ruins_courtyard_long, column_ruins_hut,
          column_ruins_open_small_water, column_ruins_columns_corner,
          column_ruins_columns_dead_end, column_ruins_columns_straight,
          column_ruins_grid_3, column_ruins_open_tiny,
          column_ruins_columns_corner, minmay_manual_macuahuitl
Temple:   nicolae_temple_figure_eight

Skill      XL: |  1  2  3  4  5  6  7  8 |
---------------+-------------------------+-----
Stealth        | 1 2 3 4 |  4.5
Armour         | 1 2 3 4 |  4.9
Fighting       | 3 4 |  4.1
Bows           | 4 5 6 |  6.1
Short Blades   | 1 |  1.6
Dodging        | |  1.5

Action                   |  1- 3 |  4- 6 |  7- 9 || total
-------------------------+-------+-------+-------++-------
Melee: Dagger            |       |       |    97 ||    97
       Tailslap          |       |       |     7 ||     7
 Fire: Shortbow          |    90 |   261 |   169 ||   520
  Use: Scroll            |       |    10 |       ||    10
       Potion            |       |       |     1 ||     1
 Stab: Sleeping          |       |       |     3 ||     3
       Distracted        |       |       |     1 ||     1
Armor: Leather armour    |     3 |    99 |    10 ||   112
       Troll leather arm |       |       |   106 ||   106
Dodge: Dodged            |     8 |   100 |   106 ||   214
